 Dungeon Crawl Stone Soup version 0.29.1-1-gd02db6906a (webtiles) character file.

Game seed: 18444574048664122865

213 Earthwalker the Covered (level 5, 0/47 HPs)
             Began as a Minotaur Fighter on Oct 13, 2022.
             Splashed by a jelly's acid (10 damage)
             ... on level 4 of the Dungeon.
             The game lasted 00:05:05 (2124 turns).

Earthwalker the Covered (Minotaur Fighter)          Turns: 2124, Time: 00:05:08

Health: 0/47       AC:  3    Str: 22    XL:     5   Next: 59%
Magic:  4/4        EV: 10    Int:  5    God:
Gold:   165        SH:  0    Dex: 16    Spells: 4/4 levels left

rFire   . . .      SeeInvis .   a - +0 war axe
rCold   . . .      Faith    .   c - +0 buckler
rNeg    . . .      Spirit   .   b - +0 scale mail
rPois   .          Reflect  +   (helmet restricted)
rElec   .          Harm     .   (no cloak)
rCorr   .          Rampage  .   (no gloves)
Will    .....                   (no boots)
Stlth   ..........              i - amulet of reflection
HPRegen 0.15/turn               j - +6 ring of dexterity
MPRegen 0.09/turn               (no ring)

@: confused, corroded
A: horns 2, retaliatory headbutt
a: no special abilities


You were on level 4 of the Dungeon.
You visited 1 branch of the dungeon, and saw 4 of its levels.

You collected 165 gold pieces.

Inventory:

Hand Weapons
 a - a +0 war axe (weapon)
Missiles
 m - 4 boomerangs (quivered)
 r - 29 stones
Armour
 b - a +0 scale mail (worn)
 c - a +0 buckler (worn)
 q - a +0 tower shield
Jewellery
 i - an amulet of reflection (around neck)
 j - a +6 ring of dexterity (left hand)
 p - a ring of fire
 t - a +6 ring of dexterity
Wands
 u - a wand of flame (16)
Scrolls
 k - 3 scrolls of immolation
 l - a scroll of teleportation {unknown}
 n - a scroll of blinking {unknown}
 o - a scroll of identify {unknown}
 s - 2 scrolls of butterflies {unknown}
Potions
 d - a potion of might
 e - a potion of lignification {unknown}
 f - a potion of haste {unknown}
 g - 3 potions of attraction {unknown}
 h - a potion of magic {unknown}
 v - a potion of flight {unknown}


   Skills:
 * Level 4.3 Fighting
 * Level 3.5 Axes
 + Level 1.1 Throwing
 * Level 4.5 Armour
 * Level 1.9 Dodging
 + Level 1.0 Stealth
 * Level 4.3 Shields
 + Level 1.2 Invocations
 + Level 0.8 Evocations


You had 4 spell levels left.
You didn't know any spells.
Your spell library contained the following spells:

 Spells                   Type           Power      Damage    Failure   Level
 Magic Dart               Conj           0%         1d3       87%         1
 Searing Ray              Conj           0%         2d4       95%         2
 Fulminant Prism          Conj/Hex       0%         3d6       100%        4


Dungeon Overview and Level Annotations

Branches:
Dungeon (4/15)
 Temple: D:4-7

Altars:

Shops:
D:3 =


Innate Abilities, Weirdness & Mutations

You have a pair of horns on your head.
You reflexively headbutt those who attack you in melee.


Message History

You hear some strange, mumbled words.
A magic dart appears from out of thin air!
The magic dart hits you but does no damage.
You block the orc's attack. The orc completely misses you.
The orc barely misses you. You furiously retaliate!
You headbutt the orc!
You kill the orc!
You hear some strange, mumbled words.
A puff of flame appears from out of thin air!
The puff of flame misses you. The orc priest barely misses you.
You furiously retaliate!
You headbutt the orc priest. You barely miss the orc priest.
You headbutt the orc priest.
The orc priest is almost dead.
You hit the orc but do no damage. You barely miss something.
You closely miss the orc. The orc misses you.
The orc hits you with a +0 hand axe. You block the orc priest's attack.
Something hits you. The dart slug launches a dart at you.
The slug dart hits something.
You completely miss the orc priest.
The orc priest is almost dead.
You hit the orc. You miss something. You closely miss the orc. You hit the orc.
You block the orc's attack. The orc closely misses you.
The orc hits you with a +0 flail.
The orc priest hits you but does no damage.
You hear some strange, mumbled words.
You are confused.
The orc attacks as you move away! The orc hits you with a +0 flail.
Something hits you but does no damage. The orc attacks as you move away!
The orc hits you with a +0 club.
* * * LOW HITPOINT WARNING * * *
The orc priest hits you with a +0 dagger.
* * * LOW HITPOINT WARNING * * *
The orc attacks as you move away! The orc barely misses you.
A dart slug comes into view.
The orc hits you but does no damage.
The orc priest looks encouraged for a moment.
The jelly hits you.
* * * LOW HITPOINT WARNING * * *
The acid corrodes you!
You are splashed with acid!
You die...

#. .##.# ..#.#
#.#.# #.#.# #.
#####.#>#### ...
#........?.#....
#.......@J......
#.....oooo......
#<.....)o..w....
#.......).......
#.......g.......
#..............w
#..........#....
#..........##...
#[.........# .##


You could see a jelly, an orc priest, 2 dart slugs, 4 orcs and a hobgoblin.

Vanquished Creatures
  Terence (D:2)
  Natasha (D:3)
  An orc wizard (D:2)
  Robin (D:3)
  3 gnolls (D:2)
  An adder (D:2)
  3 dart slugs
  3 orcs (D:4)
  10 ball pythons
  4 endoplasms
  4 giant cockroaches
  16 goblins
  9 hobgoblins
  A jackal (D:2)
  3 quokkas
  7 bats
  3 frilled lizards
  5 kobolds
  5 rats
81 creatures vanquished.

Notes
Turn   | Place    | Note
-------+----------+-------------------------------------------
     0 | D:1      | Earthwalker the Minotaur Fighter began the quest for the
                  | Orb.
     0 | D:1      | Reached XP level 1. HP: 19/19 MP: 0/0
   302 | D:1      | Found a faded altar of an unknown god.
   360 | D:1      | Reached XP level 2. HP: 24/27 MP: 1/1
  1048 | D:2      | Reached XP level 3. HP: 30/33 MP: 2/2
  1186 | D:2      | Noticed Terence
  1197 | D:2      | Killed Terence
  1198 | D:2      | Reached skill level 1 in Dodging
  1409 | D:2      | Reached XP level 4. HP: 38/40 MP: 3/3
  1475 | D:2      | Reached skill level 1 in Invocations
  1794 | D:2      | Reached skill level 1 in Throwing
  1794 | D:2      | Reached XP level 5. HP: 46/46 MP: 4/4
  1877 | D:3      | Found Nulenlu's One-of-a-Kind Rings.
  1912 | D:3      | Noticed Robin
  1925 | D:3      | Noticed Natasha
  1930 | D:3      | Killed Natasha
  1931 | D:3      | Reached skill level 1 in Stealth
  1940 | D:3      | Killed Robin
  2124 | D:4      | Splashed by a jelly's acid

Illustrated notes

Levels and vault maps discovered:
D:1:      dpeg_arrival_stonehenge_8_columns, layout_loops_ring,
          hellmonk_ecumenical_altar_blasted
D:2:      layout_basic, minmay_divided_ellipse, uniq_terence
D:3:      layout_basic, nicolae_shop_unique_rings, uniq_natasha, uniq_robin
D:4:      layout_rooms, amcnicky_altar_gilded, nicolae_tso_carved_into_rock

Skill      XL: |  1  2  3  4  5 |
---------------+----------------+-----
Armour         | 4 |  4.5
Fighting       | 4 |  4.3
Axes           | 3 |  3.5
Dodging        | 1 |  1.9
Shields        | 4 |  4.3
Invocations    | 1 |  1.2
Throwing       | 1 |  1.1
Stealth        | 1 |  1.0
Evocations     | |  0.8

Action                   |  1- 3 |  4- 6 || total
-------------------------+-------+-------++-------
Melee: War axe           |    70 |    59 ||   129
       Headbutt          |    10 |    12 ||    22
Armor: Scale mail        |    31 |    24 ||    55
Dodge: Dodged            |    24 |    33 ||    57
Block: Buckler           |    28 |    38 ||    66
       Reflection        |     1 |     3 ||     4
